 Dungeon Crawl Stone Soup version 0.28-a0-906-g0406aca7d3 (webtiles) character file.

Game seed: 5609167089671852837

2456 croobank the Covert (level 9, -12/61 HPs)
             Began as an Octopode Delver on Nov 24, 2021.
             Was an Initiate of Gozag.
             Mangled by a hornet (16 damage)
             ... on level 6 of the Dungeon.
             The game lasted 00:56:49 (5740 turns).

croobank the Covert (Octopode Delver)               Turns: 5740, Time: 00:56:53

Health: -12/61     AC:  1    Str: 13    XL:     9   Next: 50%
Magic:  15/15      EV: 14    Int: 13    God:    Gozag
Gold:   218        SH:  0    Dex: 12    Spells: 9/16 levels left

rFire   . . .      SeeInvis .   a - +0 spear
rCold   + + .      Faith    .   (no shield)
rNeg    + . .      Spirit   .   (helmet restricted)
rPois   .          Reflect  .   r - amulet of regeneration
rElec   .          Harm     .   c - ring of wizardry
rCorr   .          Rampage  .   q - ring of ice
Will    .....                   b - ring "Rink" {rF+ rC+ rN+ Str+2 Dex-4}
Stlth   ++++++....              (no ring)
HPRegen 1.20/turn               (no ring)
MPRegen 0.14/turn               (no ring)
                                (no ring)
                                (no ring)

@: lethally poisoned (-12 -> -13), slowed, very slow
A: almost no armour, amphibious, 8 rings, camouflage 1, gelatinous body 1,
(nimble swimmer 1), tentacles, tentacle spike 1, sense surroundings 1
a: Renounce Religion, Potion Petition, Call Merchant, Bribe Branch


You were on level 6 of the Dungeon.
You worshipped Gozag.
Gozag was aware of your devotion.
You visited 1 branch of the dungeon, and saw 7 of its levels.

You collected 719 gold pieces.
You spent 441 gold pieces at shops.
You paid 60 gold pieces to Gozag.

Inventory:

Hand Weapons
 a - a +0 spear (weapon)
 d - a +2 hand axe of electrocution
 v - a +0 war axe
 B - a +0 battleaxe
Missiles
 j - 13 poisoned darts
 n - 2 boomerangs (quivered)
 o - 125 stones
Jewellery
 b - the ring "Rink" (on tentacle) {rF+ rC+ rN+ Str+2 Dex-4}
   (You bought it in a shop on level 4 of the Dungeon)

   [ring of positive energy]

   Str:       It affects your strength (+2).
   Dex:       It affects your dexterity (-4).
   rF:        It protects you from fire.
   rC:        It protects you from cold.
   rN:        It protects you from negative energy.
 c - a ring of wizardry (left tentacle)
 q - a ring of ice (right tentacle)
 r - an amulet of regeneration (around mantle)
Wands
 f - a wand of digging (2)
 x - a wand of iceblast (6)
 y - a wand of acid (10)
Scrolls
 g - a scroll of amnesia
 k - a scroll of magic mapping
 u - a scroll of enchant weapon {unknown}
 w - a scroll of brand weapon {unknown}
 z - a scroll of vulnerability {unknown}
 A - a scroll of enchant armour {unknown}
Potions
 e - a potion of flight
 h - a potion of brilliance
 i - a potion of haste
 s - a potion of resistance
 t - 3 potions of degeneration


   Skills:
 + Level 5.1 Fighting
 + Level 6.3 Polearms
 + Level 3.0 Throwing
 + Level 4.2 Dodging
 + Level 11.0 Stealth
 * Level 4.0 Spellcasting
 * Level 3.7 Hexes


You had 9 spell levels left.
You knew the following spells:

 Your Spells              Type           Power      Damage    Failure   Level
a - Slow                  Hex            48%        N/A       1%          1
b - Confusing Touch       Hex            12%        N/A       5%          3
c - Vampiric Draining     Necr           2%         2d6       24%         3

Your spell library contained the following spells:

 Spells                   Type           Power      Damage    Failure   Level


Dungeon Overview and Level Annotations

Branches:
Dungeon (7/15)             Temple (0/1) D:4

Altars:
Elyvilon
Gozag
Okawaru
Sif Muna
Uskayaw
Vehumet
Wu Jian

Shops:
D:1 (   D:4 =

Annotations:
D:7 Joseph


Innate Abilities, Weirdness & Mutations

You cannot wear most types of armour.
You are amphibious.
You can wear up to eight rings at the same time.
Your skin changes colour to match your surroundings (Stealth+).
Your rubbery body absorbs attacks. (AC +1, EV +1)
((You are camouflaged near water. (Stealth+)))
You have tentacles for arms and can constrict up to eight enemies at once.
One of your tentacles bears a spike.
You passively map a small area around you.


Message History

The hornet stings you!
You feel yourself slow down.
You feel yourself speed up. The steam dragon breathes steam at you.
The ball of steam misses you.
There is a stone staircase leading up here.
The hornet is engulfed in a cloud of scalding steam.
The hornet stings you!
You feel yourself slow down.
The hornet is engulfed in a cloud of scalding steam.
The hornet barely misses you.
You climb upwards.
You feel yourself speed up.
There is a stone staircase leading down here.
You miss the hornet. You grab the hornet. Your squeeze misses the hornet.
The hornet is lightly wounded.
You constrict the hornet. The hornet closely misses you.
You hit the hornet but do no damage.
You pierce the hornet, but do no damage.
The hornet is moderately wounded.
You constrict the hornet, but do no damage.
The hornet stings you.
You suddenly lose the ability to move!
You lose your grip on the hornet.
The hornet stings you but does no damage.
The hornet stings you!
You feel yourself slow down. The hornet stings you!
* * * LOW HITPOINT WARNING * * *
You are poisoned.
You feel as though you will be slow longer.
You feel very sick. The hornet stings you.
* * * LOW HITPOINT WARNING * * *
You shrug off the repeated paralysis!
You can move again.
Okay, then.
Okay, then.
As you read the scroll labelled QODUIRHAIFF, it crumbles to dust.
You hear a loud clanging noise!
It was a scroll of noise.
You feel very sick. The hornet stings you!
You die...
Your body crumbles into a pile of gold.

###......# #.#.#...............
.........# #...#.#########.....
.........######..#.########......
.................#...............
.....####.....[..########........
.....# #...........# #...##...
.....# #######.....# #.>.##...
####### #.....# #...##... ......#
#.@...# #...##... #####.# #y....#
#...##... #####.#### #######
###.#.... .........# #.#.###
#####.##.# #.#....
#..<#.##.##################.#####
#...#.##.##.................#....
###.#.##.##.#################.###
....#.##.##.# #.#


You could see a hornet.

Vanquished Creatures
  A two-headed ogre (D:6)
  A yak (D:5)
  A wyvern (D:5)
  An orc warrior (D:5)
  2 ogres
  A necrophage (D:5)
  A phantom (D:5)
  2 bullfrogs
  3 scorpions
  A water moccasin zombie (D:6)
  3 bullfrog skeletons
  2 centaur zombies (D:6)
  2 jellies (D:6)
  2 bullfrog zombies
  A hound (D:4)
  6 orc priests
  3 iguanas
  Jessica (D:3)
  An orc wizard (D:6)
  A mummy (D:5)
  A gnoll (D:1)
  5 adders
  A white imp (D:7)
  An ufetubus (D:4)
  An adder skeleton (D:4)
  4 worms
  4 dart slugs
  20 orcs
  3 ball pythons
  4 endoplasms
  3 giant cockroaches
  11 goblins
  8 hobgoblins
  8 jackals
  6 quokkas
  4 bats
  4 frilled lizards (D:3)
  2 hobgoblin zombies (D:5)
  4 kobolds
  2 orc zombies (D:5)
  4 rats
136 creatures vanquished.

Notes
Turn   | Place    | Note
-------+----------+-------------------------------------------
     0 | D:5      | croobank the Octopode Delver began the quest for the Orb.
     0 | D:5      | Reached XP level 1. HP: 16/16 MP: 1/1
    13 | D:4      | Noticed an orc priest
    13 | D:4      | Found Atifaul's Jewellery Shoppe.
   157 | D:2      | Found an iron altar of Okawaru.
   228 | D:2      | Reached skill level 7 in Stealth
   228 | D:2      | Reached XP level 2. HP: 19/21 MP: 2/2
   403 | D:1      | Reached XP level 3. HP: 11/26 MP: 3/3
   608 | D:1      | Found Kyinicob's Antique Weapon Shop.
  1533 | D:2      | Reached XP level 4. HP: 31/31 MP: 4/4
  1621 | D:2      | Reached skill level 8 in Stealth
  2030 | D:3      | Noticed Jessica
  2049 | D:3      | Killed Jessica
  2050 | D:3      | Reached XP level 5. HP: 36/36 MP: 5/5
  2309 | D:3      | Found an opulent altar of Gozag.
  2317 | D:3      | Became a worshipper of Gozag Ym Sagoz the Greedy
  2398 | D:3      | Reached skill level 9 in Stealth
  2429 | D:3      | Found a faded altar of an unknown god.
  2699 | D:4      | Found a staircase to the Ecumenical Temple.
  2753 | D:4      | Reached XP level 6. HP: 37/42 MP: 6/6
  2901 | D:4      | Reached skill level 1 in Spellcasting
  2904 | D:4      | Found a white marble altar of Elyvilon.
  3042 | D:4      | Found a shimmering blue altar of Sif Muna.
  3063 | D:4      | Found a hide-covered altar of Uskayaw.
  3076 | D:4      | Found an ornate altar of the Wu Jian Council.
  3159 | D:4      | Reached XP level 7. HP: 42/47 MP: 7/9
  3367 | D:4      | Found a radiant altar of Vehumet.
  3526 | D:5      | Learned a level 1 spell: Slow
  3574 | D:5      | Gained mutation: You passively map a small area around you.
                  | [potion of mutation]
  3574 | D:5      | Gained mutation: One of your tentacles bears a spike.
                  | [potion of mutation]
  3907 | D:5      | Noticed a wyvern
  3909 | D:5      | Reached skill level 10 in Stealth
  3915 | D:5      | Killed a wyvern
  3916 | D:5      | Reached skill level 1 in Hexes
  3961 | D:5      | Reached skill level 1 in Throwing
  4019 | D:5      | Noticed a yak
  4019 | D:5      | Noticed a yak
  4019 | D:5      | Noticed a yak
  4019 | D:5      | Noticed a yak
  4022 | D:5      | Noticed a yak
  4022 | D:5      | Noticed a yak
  4050 | D:5      | Killed a yak
  4051 | D:5      | Reached XP level 8. HP: 54/54 MP: 11/11
  4274 | D:5      | Reached skill level 5 in Polearms
  4613 | D:4      | Bought the ring "Rink" {rF+ rC+ rN+ Str+2 Dex-4} for 441
                  | gold pieces
  4730 | D:6      | Learned a level 3 spell: Confusing Touch
  4899 | D:6      | Learned a level 3 spell: Vampiric Draining
  4990 | D:6      | Reached XP level 9. HP: 50/59 MP: 13/13
  5018 | D:6      | Reached skill level 11 in Stealth
  5052 | D:6      | Noticed a two-headed ogre
  5065 | D:6      | Killed a two-headed ogre
  5066 | D:6      | Reached skill level 5 in Fighting
  5546 | D:7      | Noticed Joseph
  5580 | D:7      | Noticed a hornet
  5729 | D:7      | Paralysed by a hornet for 1 turns
  5736 | D:6      | Paralysed by a hornet for 3 turns
  5740 | D:6      | Mangled by a hornet

Illustrated notes

Levels and vault maps discovered:
D:1:      dpeg_arrival_round_c, layout_loops_ring, serial_shops, shop,
          chequers_serial_rivers_micro_b
D:2:      layout_basic, basic_altar
D:3:      layout_rooms, mainiacjoe_overflow_paths,
          chequers_ecumenical_altar_grove, minmay_misc_feat_tower, uniq_jessica
D:4:      layout_gridville, nicolae_overflow_quartered_altars,
          mainiacjoe_overflow_cross_hatched, minmay_temple_entry_tees,
          serial_shops, nicolae_stop_n_shop_1, minmay_misc_feat_square
D:5:      minmay_chambers_of_fours, layout_basic, minmay_mini_ossuary
D:6:      minmay_inner_zag, layout_basic
D:7:      layout_rooms, serial_shops, nicolae_shop_hallway_stairs, uniq_joseph

Skill      XL: |  1  2  3  4  5  6  7  8  9 |
---------------+----------------------------+-----
Stealth        | 7 8 9 10 11 | 11.0
Polearms       | 3 4 5 6 |  6.3
Spellcasting   | 1 2 3 4 |  4.0
Fighting       | 4 5 |  5.1
Hexes          | 1 3 |  3.7
Throwing       | 1 2 3 |  3.0
Dodging        | 3 4 |  4.2

Action                   |  1- 3 |  4- 6 |  7- 9 || total
-------------------------+-------+-------+-------++-------
Melee: Spear             |    62 |   168 |   216 ||   446
       Constrict         |    16 |    39 |    31 ||    86
       Tentacles         |    13 |    35 |    40 ||    88
       Kick              |       |       |    62 ||    62
Throw: Dart              |     2 |     3 |    13 ||    18
       Boomerang         |       |       |    29 ||    29
 Cast: Slow              |       |       |     2 ||     2
       Confusing Touch   |       |       |     1 ||     1
Evoke: Wand              |       |       |     1 ||     1
  Use: Scroll            |     2 |       |    16 ||    18
       Potion            |     1 |       |     8 ||     9
 Stab: Sleeping          |    11 |    24 |     7 ||    42
       Distracted        |       |     1 |     1 ||     2
       Confused          |       |       |     1 ||     1
Armor: Skin              |     5 |     5 |    19 ||    29
Dodge: Dodged            |    32 |    61 |   107 ||   200

Table legend: (Time is in decaauts)
 A = Elapsed time spent in this place.
 B = Non-inter-level travel time spent in this place.
 C = Inter-level travel time spent in this place.
 D = Time resting spent in this place.
 E = Time spent auto-exploring this place.
 F = Levels seen in this place.
 G = Mean time per level.
                   A        B        C        D        E       F      G
               +--------+--------+--------+--------+--------+-----+--------+
         Total |   5703 |   5363 |    340 |    233 |   3151 |   7 |  814.7 |
       Dungeon |   5703 |   5363 |    340 |    233 |   3151 |   7 |  814.7 |
               +--------+--------+--------+--------+--------+-----+--------+

Top non-repeatable levels by time:
     D:1: 1290 daAuts
     D:6: 1085 daAuts
     D:5: 996 daAuts
     D:4: 958 daAuts
     D:3: 683 daAuts
     D:2: 659 daAuts
     D:7: 29 daAuts
